 Dungeon Crawl Stone Soup version 0.29-a0-284-gf9362112df (webtiles) character file.

Game seed: 17149282420005016514

71 gzilladon the Covered (level 4, -1/40 HPs)
             Began as a Minotaur Fighter on Mar 22, 2022.
             Killed from afar by an orc wizard (4 damage)
             ... with a puff of flame
             ... on level 2 of the Dungeon.
             The game lasted 00:10:45 (1269 turns).

gzilladon the Covered (Minotaur Fighter)            Turns: 1269, Time: 00:10:52

Health: -1/40      AC:  7    Str: 23    XL:     4   Next: 5%
Magic:  3/3        EV:  9    Int:  5    God:
Gold:   47         SH:  4    Dex:  9    Spells: 3/3 levels left

rFire   . . .      SeeInvis .   g - +2 hand axe (vorpal)
rCold   . . .      Faith    .   c - +0 buckler
rNeg    . . .      Spirit   .   b - +0 scale mail
rPois   .          Reflect  .   (helmet restricted)
rElec   .          Harm     .   (no cloak)
rCorr   .          Rampage  .   (no gloves)
Will    .....                   (no boots)
Stlth   ..........              (no amulet)
HPRegen 0.13/turn               (no ring)
MPRegen 0.08/turn               (no ring)

@: on berserk cooldown, slowed, invisible, very slow
A: horns 2, retaliatory headbutt
a: no special abilities


You were on level 2 of the Dungeon.
You visited 1 branch of the dungeon, and saw 2 of its levels.

You collected 47 gold pieces.

Inventory:

Hand Weapons
 a - a +0 long sword
 g - a +2 vorpal hand axe (weapon)
Missiles
 j - 3 atropa-tipped darts
 m - 51 stones
 n - 5 poisoned darts (quivered)
Armour
 b - a +0 scale mail (worn)
 c - a +0 buckler (worn)
 e - a +0 robe
 h - a +1 helmet
Scrolls
 d - a scroll of enchant weapon {unknown}
 i - a scroll of blinking {unknown}
 l - a scroll of enchant armour {unknown}


   Skills:
 + Level 4.1 Fighting
 + Level 3.2 Long Blades
 + Level 0.1 Throwing
 + Level 4.4 Armour
 + Level 0.5 Dodging
 + Level 4.3 Shields


You had 3 spell levels left.
You didn't know any spells.
Your spell library contained the following spells:

 Spells                   Type           Power      Damage    Failure   Level
 Slow                     Hex            0%         N/A       86%         1
 Sting                    Tmut/Pois      0%         1d3       86%         1
 Poisonous Vapours        Pois/Air       0%         N/A       95%         2
 Confusing Touch          Hex            0%         N/A       99%         3
 Vampiric Draining        Necr           0%         2d6       99%         3
 Olgreb's Toxic Radiance  Pois           0%         N/A       100%        4


Dungeon Overview and Level Annotations

Branches:
Dungeon (2/15)

Altars:


Innate Abilities, Weirdness & Mutations

You have a pair of horns on your head.
You reflexively headbutt those who attack you in melee.


Message History

The orc hits you but does no damage.
You hit the orc but do no damage.
The orc is heavily wounded.
An orc wizard appears from thin air!
Reactivating autopickup.
The orc wizard hits you but does no damage.
The orc hits you with a +0 hand axe.
The orc wizard mumbles some strange words.
The orc wizard flickers and vanishes!
Deactivating autopickup; reactivate with Ctrl-A.
The orc closely misses you. You furiously retaliate!
You headbutt the orc!
You kill the orc!
Something hits you. Something hits you. x2
* * * LOW HITPOINT WARNING * * *
You see here a +0 hand axe.
Something hits you but does no damage. Something hits you but does no damage.
You see here a +0 short sword.
You barely miss something.
You hear some strange, mumbled words.
A puff of flame appears from out of thin air!
The puff of flame misses you. Something hits you but does no damage.
A magic dart appears from out of thin air!
The magic dart hits you.
* * * LOW HITPOINT WARNING * * *
Items here: )) ††.
g - a +2 vorpal hand axe Something hits you.
* * * LOW HITPOINT WARNING * * *
g - a +2 vorpal hand axe (weapon)
Something hits you but does no damage.
It was a potion of invisibility.
You fade into invisibility!
Something hits you.
* * * LOW HITPOINT WARNING * * *
You hear some strange, mumbled words.
A puff of flame appears from out of thin air!
The puff of flame hits you.
You die...

..# .... ..# ###.... ..#
....... ..# .:.S...
..############## ..oo...
...............## .o.....
##############..####...(...
..................†'.(.....
#†...##......##.@###.......
.....##......###{## ....#.#
.....+...)...# #..# ....#
.....##......# ##)##....#
#....##......# #..#....#
#....##......# ##.####..
#....##......# ..# .#.
#......# #.# #......# .#


There were no monsters in sight!

Vanquished Creatures
  Terence (D:2)
  An adder (D:2)
  4 orcs (D:2)
  4 bats
  4 endoplasms
  3 giant cockroaches (D:1)
  3 hobgoblins (D:1)
  2 quokkas (D:1)
  3 ball pythons
  A frilled lizard (D:2)
  3 kobolds (D:1)
  4 rats (D:1)
33 creatures vanquished.

Notes
Turn   | Place    | Note
-------+----------+-------------------------------------------
     0 | D:1      | gzilladon the Minotaur Fighter began the quest for the Orb.
     0 | D:1      | Reached XP level 1. HP: 19/19 MP: 0/0
    53 | D:1      | Reached XP level 2. HP: 10/27 MP: 1/1
   723 | D:2      | Noticed Terence
   756 | D:2      | HP: 1/27 [Terence/+0 short sword (2)]
   761 | D:2      | Killed Terence
   762 | D:2      | Reached XP level 3. HP: 18/33 MP: 2/2
  1249 | D:2      | Reached XP level 4. HP: 15/40 MP: 3/3
  1269 | D:2      | Killed from afar by an orc wizard

Illustrated notes

Levels and vault maps discovered:
D:1:      tarquinn_simple_flora_water_d, layout_rooms
D:2:      layout_basic, uniq_terence, uniq_robin

Skill      XL: |  1  2 |
---------------+-------+-----
Shields        | 4 |  4.3
Armour         | 4 |  4.4
Fighting       | 4 |  4.1
Long Blades    | 3 |  3.2
Throwing       | |  0.1
Dodging        | |  0.5

Action                   |  1- 3 |  4- 6 || total
-------------------------+-------+-------++-------
Melee: Long sword        |    84 |     6 ||    90
       Headbutt          |    13 |       ||    13
Throw: Dart              |     8 |       ||     8
  Use: Potion            |     2 |     3 ||     5
Armor: Scale mail        |    53 |    18 ||    71
Dodge: Dodged            |    53 |     9 ||    62
Block: Buckler           |    25 |       ||    25

Table legend: (Time is in decaauts)
 A = Elapsed time spent in this place.
 B = Non-inter-level travel time spent in this place.
 C = Inter-level travel time spent in this place.
 D = Time resting spent in this place.
 E = Time spent auto-exploring this place.
 F = Levels seen in this place.
 G = Mean time per level.
                   A        B        C        D        E       F      G
               +--------+--------+--------+--------+--------+-----+--------+
         Total |   1299 |    884 |    415 |    439 |    166 |   2 |  649.5 |
       Dungeon |   1299 |    884 |    415 |    439 |    166 |   2 |  649.5 |
               +--------+--------+--------+--------+--------+-----+--------+

Top non-repeatable levels by time:
     D:2: 651 daAuts
     D:1: 648 daAuts
